[Event "Budapest Chess Festival 2024"]
[Site "Budapest"]
[Date "2024.05.25"]
[Round "3.6"]
[White "Deuer, Marius"]
[Black "Samunenkov, Ihor"]
[Result "1/2-1/2"]
[ECO "E42"]
[WhiteElo "2436"]
[BlackElo "2547"]
[Annotator "TA"]
[PlyCount "79"]
[EventDate "2024.05.20"]
[EventType "swiss"]
[EventCountry "HUN"]
[SourceTitle "playchess.com"]
[Source "ChessBase"]
[SourceQuality "1"]
[TimeControl "40/5400+30:1800+30"]

1. d4 Nf6 2. c4 e6 3. Nc3 Bb4 4. e3 c5 5. Nge2 d6 6. Bd2 O-O 7. g3 cxd4 8. Nxd4 e5 9. Nc2 Bxc3 10. Bxc3 Ne4 11. Qd3 Nc5 12. Qd2 Be6 13. f3 Nc6 14. Be2 Qb6 15. O-O Rfd8 16. Nb4 a5 17. Nxc6 bxc6 18. b3 f6 19. Rfd1 d5 20. cxd5 (20. Bf1 {simplifies} dxc4 21. Bxa5 Rxd2 22. Bxb6 Rxd1 23. Rxd1 cxb3 24. axb3 Bxb3 25. Rb1) 20... Bxd5 21. Qc2 Ne6 22. Kf2 Re8 23. Rd2 Ng5 24. h4 Nf7 25. Bd3 g6 26. Be4 f5 27. Bxd5 cxd5 28. Rxd5 f4 29. Re1 Rac8 {[%emt 0:01:39] aiming for ...Qe6.} 30. Qd2 (30. Rxa5 $2 Qxa5 31. b4 Qxb4 $19) 30... Red8 (30... Qe6 $15 {keeps the upper hand.} 31. Rc1 (31. Rxa5 $2 Red8 $19) (31. Bxa5 $2 Qh3 $17) (31. gxf4 Rxc3 32. Rxe5 Nxe5 $17) 31... Qh3 32. gxf4 (32. Rxa5 $2 Red8 $19) 32... exf4 33. exf4 Kf8) 31. Rxd8+ $1 $16 (31. Bxe5 $2 fxe3+ 32. Rxe3 Nxe5 $19 (32... Rxd5 33. Qxd5 Rc2+ 34. Kf1 $16)) 31... Rxd8 {[%emt 0:00:04] [#]} 32. Qe2 fxg3+ 33. Kxg3 e4 {[%emt 0:00:17] [#]} 34. Qc4 $1 (34. fxe4 $2 {perishes.} Qc7+ 35. Kf2 Qxc3 $19) 34... exf3 35. Rf1 (35. Kxf3 $16 {Ke2 is the strong threat.} Qb7+ 36. Kf2) 35... Qxe3 $11 {[%emt 0:00:49] The position is equal.} 36. Rxf3 Qg1+ 37. Kh3 {[%emt 0:00:05][%csl Gf3][%cal Rc4f7] Really sharp!} Qh1+ 38. Kg3 Qg1+ 39. Kh3 Qh1+ 40. Kg3 {[%emt 0:00:00] Weighted Error Value: White=0.13 (very precise) /Black=0.10 (very precise) .  Mistake:       	White=1     	Black=2      Inaccurate:     	White=2     	Black=1      OK:         	White=10    	Black=13     Best:        	White=4     	Black=6      Strong:       	White=2     	---} 1/2-1/2

[Event "Budapest Chess Festival 2024"]
[Site "Budapest"]
[Date "2024.05.25"]
[Round "3.7"]
[White "Hera, Imre Jr."]
[Black "Gschnitzer, Adrian"]
[Result "0-1"]
[ECO "A04"]
[WhiteElo "2542"]
[BlackElo "2431"]
[Annotator "RC"]
[PlyCount "58"]
[EventDate "2024.05.20"]
[EventType "swiss"]
[EventCountry "HUN"]
[SourceTitle "playchess.com"]
[Source "ChessBase"]
[SourceQuality "1"]
[TimeControl "40/5400+30:1800+30"]

1. Nf3 c5 2. g3 Nf6 3. Bg2 Nc6 4. O-O e5 5. e4 d6 6. d3 g6 7. c3 Bg7 8. a3 O-O 9. Nbd2 h6 10. b4 Be6 11. Rb1 b6 12. Bb2 Qd7 13. d4 exd4 14. cxd4 Nxd4 15. Nxd4 cxd4 16. Bxd4 Rac8 17. Re1 Rc7 18. Rc1 Rfc8 19. Rxc7 Qxc7 20. Qa1 Qc2 21. Nf3 Ng4 22. Bxg7 Qxf2+ 23. Kh1 Rc2 24. Nh4 Ra2 25. Qc3 Rxa3 26. Qc1 Kxg7 27. Rf1 Qe3 28. Qb2+ Kg8 29. Rf3 Ra2 0-1

[Event "Budapest Chess Festival 2024"]
[Site "Budapest"]
[Date "2024.05.25"]
[Round "3.8"]
[White "Kantor, Gergely"]
[Black "Vanczak, Tamas"]
[Result "1-0"]
[ECO "B12"]
[WhiteElo "2527"]
[BlackElo "2412"]
[Annotator "RC"]
[PlyCount "99"]
[EventDate "2024.05.20"]
[EventType "swiss"]
[EventCountry "HUN"]
[SourceTitle "playchess.com"]
[Source "ChessBase"]
[SourceQuality "1"]
[TimeControl "40/5400+30:1800+30"]

1. e4 c6 2. d4 d5 3. e5 Bf5 4. h4 h5 5. Bd3 Bxd3 6. Qxd3 Qa5+ 7. Nd2 e6 8. Ngf3 Nh6 9. O-O Nf5 10. a4 Be7 11. Nb3 Qa6 12. Qd1 Nd7 13. g3 c5 14. c3 Rc8 15. Re1 cxd4 16. Nbxd4 Nxd4 17. cxd4 O-O 18. Nh2 Qc4 19. Be3 g6 20. Rc1 Qb4 21. Qe2 Rc4 22. g4 Rfc8 23. Rcd1 Qxa4 24. Qf3 Qc2 25. Qg3 Bb4 26. Rf1 Qe4 27. gxh5 Kh8 28. hxg6 Qxg6 29. Ng4 Be7 30. h5 Qh7 31. Qh3 Rg8 32. Kh2 f5 33. exf6 Bd6+ 34. f4 Qf5 35. Ne5 Rc2+ 36. Rd2 Rxd2+ 37. Bxd2 Qc2 38. Rf2 Nxf6 39. Ng6+ Kh7 40. Qxe6 Nxh5 41. Ne5 Bxe5 42. Qf7+ Bg7 43. Qxh5+ Bh6 44. f5 Qc7+ 45. Bf4 Qg7 46. Kh3 Qf6 47. Re2 Qa6 48. Re7+ Rg7 49. Rxg7+ Kxg7 50. f6+ 1-0

[Event "Budapest Chess Festival 2024"]
[Site "Budapest"]
[Date "2024.05.25"]
[Round "3.9"]
[White "Aizenberg, Benny"]
[Black "Szpar, Milosz"]
[Result "1/2-1/2"]
[ECO "C09"]
[WhiteElo "2403"]
[BlackElo "2512"]
[Annotator "TA"]
[PlyCount "79"]
[EventDate "2024.05.20"]
[EventType "swiss"]
[EventCountry "HUN"]
[SourceTitle "playchess.com"]
[Source "ChessBase"]
[SourceQuality "1"]
[TimeControl "40/5400+30:1800+30"]

1. e4 e6 2. d4 d5 3. Nd2 c5 4. exd5 exd5 5. Ngf3 Nc6 6. Bb5 cxd4 7. O-O Bd6 8. Nb3 Nge7 9. Nbxd4 O-O 10. h3 Bc7 11. Bg5 {[%emt 0:06:51] Nxc6 would now be deadly.} Qd6 (11... f6 $11 12. Be3 a6) 12. Bxc6 $1 $14 bxc6 {[%emt 0:03:43] White is better.} 13. Bxe7 Qxe7 14. Nxc6 Qf6 15. Nb4 (15. Qxd5 Bb7 16. Nfd4 (16. Ne7+ $2 Qxe7 17. Qg5 Qxg5 $19) 16... Rad8 $17) 15... Qxb2 16. Rb1 ({Much weaker is} 16. Qxd5 Qxb4 17. Rab1 (17. Qxa8 Bxh3 18. Qc6 Bxg2 $11) 17... Qf4 (17... Be6 18. Qxa8 Qa4 19. Qb7 $16) 18. Qxa8 Bxh3 $11) 16... Qa3 17. Nxd5 Bd8 18. Nd4 $1 Ba6 19. Re1 Bc4 {[%emt 0:08:58] Prevents Rb3} 20. Nf5 $1 {[%emt 0:03:04] Hoping for Qd4.} Qc5 (20... Bxd5 $16 {was worth a try.} 21. Qxd5 Rc8) 21. Re5 (21. Qg4 $1 $18 g6 22. Nde7+ Bxe7 23. Nxe7+ Kg7 24. Qg3) 21... Kh8 $16 {[%emt 0:03:48][%cal Od8f6] [#]} 22. Qg4 $1 g6 {[%emt 0:02:21][%cal Oc4a2] [#] aiming for ...Bxa2!} 23. Nfe3 (23. Qf4 $1 $16 {[%cal Rf4h6] Strongly threatening Qh6!} Bxd5 24. Ne3) 23... Bxa2 {[%emt 0:02:04] This pair of bishops is nice.} (23... f6 $5) 24. Rb7 {[%emt 0:02:16] And now c4 would win.} Bf6 {[%emt 0:12:34] [#]} 25. Qe4 {[%emt 0:01:15] White is much more active.} Bxd5 (25... Bg7 26. Ree7) 26. Nxd5 (26. Rxd5 $5 Qc6 27. Rxf7 Rxf7 28. Rd8+ Rxd8 29. Qxc6 $11) 26... Qd6 {[%emt 0:07:13] The position is equal.} 27. Nxf6 Qxf6 28. Ree7 Rad8 29. Qe2 a6 30. c4 Rc8 31. g3 Kg8 32. Qa2 Rc5 33. Ra7 a5 34. Rec7 Rxc7 35. Rxc7 $11 {[%emt 0:00:05] KQR-KQR} Qb6 36. Re7 Qc5 37. Rd7 Rc8 38. Rd5 Qxc4 39. Qxc4 Rxc4 40. Rxa5 {[%emt 0:00:00] Weighted Error Value: White=0.12 (very precise) /Black=0.13 (very precise) .  Mistake:       	White=3     	Black=2      Inaccurate:     	White=1     	Black=3      OK:         	White=10    	Black=12     Best:        	White=3     	---        Strong:       	White=3     	---} 1/2-1/2

[Event "Budapest Chess Festival 2024"]
[Site "Budapest"]
[Date "2024.05.25"]
[Round "3.10"]
[White "Parkhov, Yair"]
[Black "Tadic, Stefan"]
[Result "1/2-1/2"]
[ECO "C80"]
[WhiteElo "2510"]
[BlackElo "2399"]
[Annotator "TA"]
[PlyCount "80"]
[EventDate "2024.05.20"]
[EventType "swiss"]
[EventCountry "HUN"]
[SourceTitle "playchess.com"]
[Source "ChessBase"]
[SourceQuality "1"]
[TimeControl "40/5400+30:1800+30"]

1. e4 e5 2. Nf3 Nc6 3. Bb5 a6 4. Ba4 Nf6 5. O-O Nxe4 6. d4 b5 7. Bb3 d5 8. dxe5 Be6 9. Be3 Bc5 10. Qe2 Qe7 11. Nbd2 Bxe3 12. Qxe3 Nxd2 13. Nxd2 O-O 14. f4 {[%emt 0:06:18] f5 is the strong threat.} f5 (14... Rad8 $11 {remains equal.}) 15. c3 Na5 16. Bc2 c5 17. Nb3 Nxb3 18. axb3 Rfd8 19. Rfd1 g6 20. Rd2 Qc7 21. Bd1 a5 22. Bf3 Rac8 23. h3 b4 (23... Qb6 $11) 24. Rad1 $14 Qf7 25. Kh2 Kg7 26. g4 (26. Qf2 $16) 26... bxc3 $11 {[%emt 0:02:48] The position is equal.} 27. bxc3 c4 28. bxc4 Rxc4 29. Rd4 {[%emt 0:02:13] [#] Threatens to win with Rxc4.} Rdc8 30. Bxd5 Rxc3 31. Bxe6 {[%emt 0:00:20][%cal Od4d7] White threatens Rd7! and mate.} Rxe3 32. Bxf7 Rc2+ 33. R1d2 Rxd2+ 34. Rxd2 Kxf7 35. gxf5 gxf5 {[%emt 0:00:04] KR-KR} 36. Rd7+ Kg6 37. Rd6+ Kg7 38. Rd4 Kf7 39. h4 Ke7 40. Rd5 Rf3 {[%emt 0:00:00] Weighted Error Value: White=0.12 (very precise) /Black=0.13 (very precise) .  Mistake:       	White=1     	Black=2      Inaccurate:     	White=2     	Black=2      OK:         	White=6     	Black=11     Best:        	---       	Black=3} 1/2-1/2

[Event "Budapest Chess Festival 2024"]
[Site "Budapest"]
[Date "2024.05.25"]
[Round "3.11"]
[White "Pasti, Aron"]
[Black "Visakh N R"]
[Result "1/2-1/2"]
[ECO "C41"]
[WhiteElo "2400"]
[BlackElo "2511"]
[Annotator "TA"]
[PlyCount "39"]
[EventDate "2024.05.20"]
[EventType "swiss"]
[EventCountry "HUN"]
[SourceTitle "playchess.com"]
[Source "ChessBase"]
[SourceQuality "1"]
[TimeControl "40/5400+30:1800+30"]

1. e4 d6 2. d4 Nf6 3. Nc3 e5 4. Nf3 Nbd7 5. Bc4 Be7 6. O-O O-O 7. Re1 c6 8. a4 exd4 9. Qxd4 Ne5 10. Nxe5 dxe5 {[%emt 0:00:27] White has an edge.} 11. Qxd8 ({But not} 11. Qxe5 Ng4 12. Qf4 Bd6 $15) (11. Qe3 {feels hotter.} Ng4 12. Qf3 Bc5 13. Nd1) 11... Rxd8 12. a5 Bb4 13. f3 Ne8 14. Be3 Nc7 15. Red1 Rxd1+ 16. Nxd1 b5 17. axb6 {[%emt 0:02:45] The position is equal.} axb6 18. Rxa8 Nxa8 19. c3 Bd6 20. b4 {[%emt 0:00:33] Weighted Error Value: White=0.03 (flawless) /Black=0.06 (flawless) .  Inaccurate:     	---       	Black=1      OK:         	White=6     	Black=6} 1/2-1/2

[Event "Budapest Chess Festival 2024"]
[Site "Budapest"]
[Date "2024.05.25"]
[Round "3.12"]
[White "Vetoshko, Volodymyr"]
[Black "Mouhamad, Joachim"]
[Result "1-0"]
[ECO "D35"]
[WhiteElo "2505"]
[BlackElo "2312"]
[Annotator "RC"]
[PlyCount "133"]
[EventDate "2024.05.20"]
[EventType "swiss"]
[EventCountry "HUN"]
[SourceTitle "playchess.com"]
[Source "ChessBase"]
[SourceQuality "1"]
[TimeControl "40/5400+30:1800+30"]

1. d4 d5 2. c4 e6 3. Nc3 Nf6 4. cxd5 exd5 5. Bg5 Be7 6. e3 h6 7. Bh4 Bg4 8. Qc2 O-O 9. h3 Be6 10. Nf3 Nbd7 11. Bd3 c6 12. O-O Ne8 13. Bg3 Rc8 14. Rad1 a6 15. Qb1 Qa5 16. Ne2 Ndf6 17. Nf4 Bd7 18. Ne5 Nd6 19. Nxd7 Nxd7 20. f3 Nc4 21. Bxc4 dxc4 22. e4 Nf6 23. Ne2 Rfe8 24. Kh1 Rcd8 25. Be1 Bb4 26. Bh4 Be7 27. Be1 Bb4 28. Bxb4 Qxb4 29. Ng3 a5 30. Qc1 b5 31. Nf5 Kh7 32. Rfe1 Qf8 33. Qc3 Qb4 34. Qc1 Qf8 35. a3 g6 36. Ne3 a4 37. Qc3 Qg7 38. g4 Rd7 39. Rd2 Red8 40. Red1 Kg8 41. d5 cxd5 42. e5 d4 43. Rxd4 Rxd4 44. Rxd4 Rxd4 45. Qxd4 Nh7 46. Nd5 Qf8 47. h4 Qa8 48. Kg2 Nf8 49. Ne7+ Kh7 50. Qd5 Qxd5 51. Nxd5 Ne6 52. Nc3 Nd4 53. Kf2 g5 54. hxg5 hxg5 55. Ke3 Nc2+ 56. Ke4 b4 57. axb4 Nxb4 58. Nxa4 Nd3 59. b3 Nf2+ 60. Ke3 Nd3 61. Kd4 Ne1 62. bxc4 Nxf3+ 63. Kd5 Kg7 64. c5 Kf8 65. c6 Ke7 66. Nb6 Kd8 67. Kd6 1-0

[Event "Budapest Chess Festival 2024"]
[Site "Budapest"]
[Date "2024.05.25"]
[Round "3.13"]
[White "Costa, Leonardo"]
[Black "Dolzhykova, Kateryna"]
[Result "1/2-1/2"]
[ECO "C07"]
[WhiteElo "2486"]
[BlackElo "2305"]
[Annotator "TA"]
[PlyCount "85"]
[EventDate "2024.05.20"]
[EventType "swiss"]
[EventCountry "HUN"]
[SourceTitle "playchess.com"]
[Source "ChessBase"]
[SourceQuality "1"]
[TimeControl "40/5400+30:1800+30"]

1. e4 e6 2. d4 d5 3. Nd2 c5 4. Ngf3 cxd4 5. Nxd4 Nc6 6. Bb5 Bd7 7. Nxc6 bxc6 8. Bd3 Bd6 9. Qe2 e5 10. c4 d4 11. c5 Bxc5 12. Nc4 Bb4+ 13. Bd2 Qe7 14. O-O {[%emt 0:00:05] Strongly threatening Bxb4.} Bxd2 15. Qxd2 Nh6 16. f4 Ng4 17. h3 Ne3 18. Nxe3 dxe3 19. Qxe3 exf4 20. Rxf4 Qe5 21. Bc4 O-O 22. Raf1 Be6 23. Bxe6 Qxe6 24. b3 a5 25. e5 Rae8 26. Qa7 Qd5 {[%emt 0:10:52] [#]} 27. e6 $1 Qxe6 (27... f6 {is more complex.} 28. e7 Rf7 29. Re1 Qd2) 28. Qxa5 Qe3+ 29. Kh1 f6 30. Qc7 (30. Qb4 {simplifies} Qd3 31. Qc4+ Qxc4 32. Rxc4 Ra8 33. a4) 30... c5 31. a4 Qxb3 32. Rg4 Qf7 33. Qxc5 Re5 34. Qc3 h5 35. Rgf4 {[%emt 0:04:05] Threatens to win with Qxe5.} Rfe8 36. a5 Qe6 37. Ra4 Re3 38. Qc7 {[%emt 0:01:32] [#]} Rxh3+ $1 39. gxh3 {[%emt 0:00:10] The position is equal.} Qd5+ 40. Kg1 {[%emt 0:00:00] aiming for Qc4.} Qg5+ 41. Kh1 Qd5+ 42. Kg1 {[%emt 0:06:54] Qc4 is the strong threat.} Qg5+ 43. Kh1 {[%emt 0:00:07] Weighted Error Value: White=0.05 (flawless) /Black=0.04 (flawless) .  Inaccurate:     	White=2     	Black=1      OK:         	White=14    	Black=21     Best:        	White=3     	Black=2} 1/2-1/2

[Event "Budapest Chess Festival 2024"]
[Site "Budapest"]
[Date "2024.05.25"]
[Round "3.14"]
[White "Onyshchuk, Volodymyr"]
[Black "Cieslak, Patryk"]
[Result "1-0"]
[ECO "B92"]
[WhiteElo "2619"]
[BlackElo "2369"]
[Annotator "TA"]
[PlyCount "131"]
[EventDate "2024.05.20"]
[EventType "swiss"]
[EventCountry "HUN"]
[SourceTitle "playchess.com"]
[Source "ChessBase"]
[SourceQuality "1"]
[TimeControl "40/5400+30:1800+30"]

1. e4 c5 2. Nf3 d6 3. d4 cxd4 4. Nxd4 Nf6 5. Nc3 a6 6. Be2 e5 7. Nb3 Be7 8. Bg5 Be6 9. Bxf6 Bxf6 10. Qd3 {[%emt 0:00:12] B92: Sicilian Najdorf: 6 Be2.} Be7 11. Nd5 Nd7 {[%emt 0:00:24] 11...Bxd5 is vanishing.} 12. O-O Bxd5 13. Qxd5 Qc7 14. c3 O-O 15. Nd2 b5 16. Rfd1 Rfd8 17. Qb3 $146 ({Predecessor:} 17. Bf3 Bg5 18. Nf1 Nf6 19. Qd3 Rab8 20. g3 h5 21. h4 Bh6 22. Ne3 g6 23. Nd5 Nxd5 24. Qxd5 {1-0 Jurcik,M (2400)-Mrva,M (2379) SVK-ch Kezmarok 2022 (7)}) 17... Bg5 18. Nf3 Be7 19. Ne1 Rab8 20. Nd3 Nc5 21. Qd5 a5 22. Ne1 Ne6 23. g3 Qb6 24. a4 bxa4 25. Nd3 Nc5 26. Rdb1 Qb7 27. Qxb7 Rxb7 28. Nxc5 dxc5 29. Rxa4 Rd2 30. Bc4 Rbxb2 31. Rxb2 Rxb2 32. Rxa5 Rb7 33. Bd5 Rc7 34. Ra8+ Bf8 35. f4 exf4 36. gxf4 g6 37. Kg2 Kg7 38. c4 Be7 39. Kg3 g5 40. f5 Bd6+ 41. Kg4 Bxh2 42. Kxg5 h6+ 43. Kh5 Re7 44. Ra5 Bd6 45. Kg4 Kf6 46. Ra6 Ke5 47. Kh5 Rd7 48. Kxh6 Bf8+ 49. Kh7 f6+ 50. Kg8 Bd6 51. Ra8 (51. Be6 $1 $16 Rb7 52. Bf7) 51... Re7 52. Ra6 (52. Rf8 $11) 52... Rd7 $16 53. Be6 $1 Rb7 {[%emt 0:04:14] [#]} 54. Bf7 $1 Rd7 {[%emt 0:02:42] [#]} 55. Kg7 $1 Kxe4 56. Kxf6 Be5+ 57. Kg6 Rd6+ $2 (57... Rd3 $14) 58. Rxd6 Bxd6 59. Kf6 Kf4 60. Bd5 Bf8 61. Kf7 Bd6 62. Kf6 Bf8 $1 63. Kg6 Ke5 64. f6 Kd6 65. Kf7 Bh6 66. Ke8 1-0

[Event "Budapest Chess Festival 2024"]
[Site "Budapest"]
[Date "2024.05.25"]
[Round "3.15"]
[White "Moksh Amit Doshi"]
[Black "Antal, Gergely"]
[Result "1-0"]
[ECO "D37"]
[WhiteElo "2359"]
[BlackElo "2586"]
[Annotator "RC"]
[PlyCount "113"]
[EventDate "2024.05.20"]
[EventType "swiss"]
[EventCountry "HUN"]
[SourceTitle "playchess.com"]
[Source "ChessBase"]
[SourceQuality "1"]
[TimeControl "40/5400+30:1800+30"]

1. d4 Nf6 2. c4 e6 3. Nf3 d5 4. Nc3 dxc4 5. e4 b5 6. e5 Nd5 7. Nxb5 Nb6 8. Be2 Nc6 9. O-O Be7 10. Be3 O-O 11. Nc3 Rb8 12. b3 cxb3 13. axb3 Bb7 14. Qb1 Nb4 15. Ne4 h6 16. Rc1 N6d5 17. Bd2 Nb6 18. Rxa7 N6d5 19. Ng3 Bc6 20. Qe4 Ra8 21. Rxa8 Bxa8 22. Qg4 Kh7 23. Nh5 Rg8 24. h4 Qd7 25. Qg3 f5 26. Bc4 Qe8 27. Bxb4 Bxb4 28. Bxd5 Bxd5 29. Nf4 Bxf3 30. Qxf3 Bd2 31. Rxc7 Bxf4 32. Qxf4 Qb8 33. Rc3 Rd8 34. Rd3 Qb4 35. h5 Qe1+ 36. Kh2 Qe2 37. Qf3 Qxf3 38. gxf3 g6 39. hxg6+ Kxg6 40. f4 Kf7 41. b4 Rd5 42. Kg3 Ke7 43. Kh4 Rb5 44. Kh5 Rxb4 45. Kxh6 Ra4 46. Kg6 Ra8 47. d5 Rg8+ 48. Kh7 Rg4 49. d6+ Kd7 50. Rd4 Rg2 51. Rc4 Kd8 52. Ra4 Rxf2 53. Kg6 Rh2 54. Kf7 Rh6 55. Ra8+ Kd7 56. Ra7+ Kd8 57. Re7 1-0

[Event "Budapest Chess Festival 2024"]
[Site "Budapest"]
[Date "2024.05.25"]
[Round "3.16"]
[White "Prohaszka, Peter"]
[Black "Filip, Lucian-Ioan"]
[Result "1-0"]
[ECO "E00"]
[WhiteElo "2581"]
[BlackElo "2353"]
[Annotator "TA"]
[PlyCount "123"]
[EventDate "2024.05.20"]
[EventType "swiss"]
[EventCountry "HUN"]
[SourceTitle "playchess.com"]
[Source "ChessBase"]
[SourceQuality "1"]
[TimeControl "40/5400+30:1800+30"]

1. d4 Nf6 2. c4 e6 3. Bf4 c5 4. d5 d6 5. Nc3 exd5 6. cxd5 a6 7. a4 Nh5 8. Bc1 g6 9. e4 Bg7 10. Be2 Nf6 11. Nf3 O-O 12. Nd2 Re8 13. O-O Nbd7 {[%emt 0:00:06] 13...Nbd7 has lost popularity.} 14. Ra3 g5 {[%emt 0:08:01] A77: Modern Benoni: Classical: 9...Re8 10 Nd2: 10...a6 and 10...Nbd7.} 15. Re1 Ne5 16. Nf1 h6 17. Qc2 Ng6 18. Ne3 Qc7 $146 ({Predecessor:} 18... b6 19. Bd2 Ra7 20. f3 Bd7 21. Rb1 Qc7 22. b4 g4 23. Ncd1 gxf3 24. gxf3 Nh5 25. bxc5 bxc5 26. Ng2 f5 {1-0 Hall,J-Gallagher,J (2370) London Nat West Team Match 1985 (2)}) 19. a5 b5 20. axb6 Qxb6 21. Bd2 Ne5 22. Rea1 Re7 23. R1a2 Rea7 24. Ra5 Ne8 25. Nb1 Nc7 26. Na3 Qb8 27. Bc3 Bd7 28. Nac4 Nxc4 29. Bxc4 Nb5 30. Bxg7 Kxg7 31. Qd2 Qb6 32. b4 cxb4 33. Qxb4 Qd4 34. Qb2 Qxb2 35. Rxb2 Kf6 36. f3 Ke7 37. Kf2 Rb7 (37... h5 $16 38. g3 Nc3) 38. Rba2 (38. Bxb5 $18 {and White stays clearly on top. And now Nf5+ would win.} Rbb8 39. Rba2 (39. Rxa6 $2 Rxa6 40. Bxa6 Rxb2+ 41. Kg3 Rb3 $19) 39... Bxb5 40. Nf5+ Kd7 41. Nxh6) 38... Nc7 39. Be2 (39. Bxa6 $2 Rba7 40. e5 Rxa6 $19 (40... Nxa6 41. Nc4 $11)) 39... f6 (39... h5 $14) 40. R5a3 (40. Bxa6 $2 {loses.} Rba7 41. g4 Rxa6 $19 (41... Nxa6 42. Nc4 $11)) (40. g4 $1 $16) 40... Rb6 (40... h5 $14) 41. Ra5 ({White should play} 41. g4 $16) 41... Ra7 (41... Rb7 $1 $11 {remains equal.}) 42. Bd3 (42. g4 $142) 42... Ra8 43. Nc2 Rab8 44. Ke3 (44. Bxa6 $2 {perishes.} Rxa6 45. Rxa6 Nxa6 46. Rxa6 Rb2 $19) 44... Rb2 45. Bxa6 Rxa2 46. Rxa2 Nxa6 47. Rxa6 Rb2 48. Kd2 f5 {[%emt 0:00:07] [#]} (48... h5 $16 49. Kc3 Rb1) 49. Ra7 $1 $18 fxe4 50. fxe4 h5 $2 (50... Kd8 {was called for.} 51. Ra8+ Ke7) 51. Kc3 $18 Rb1 52. Ne3 Kd8 53. Nc4 Rc1+ {[%emt 0:00:15] [#]} 54. Kb3 $1 Rb1+ (54... Ke7 $142 55. e5 dxe5 56. Nxe5 Rb1+ 57. Kc3 Kd6 58. Nxd7 Kxd5 59. Nf6+ Ke6 60. Nxh5 Rh1) 55. Kc2 $18 Rh1 56. Nxd6 Rxh2 57. e5 Rxg2+ 58. Kd3 Rg1 59. Nf7+ Ke8 60. e6 Rd1+ 61. Ke4 Re1+ 62. Kf5 1-0

[Event "Budapest Chess Festival 2024"]
[Site "Budapest"]
[Date "2024.05.25"]
[Round "3.17"]
[White "Nasuta, Grzegorz"]
[Black "Dixit, Nikhil"]
[Result "1-0"]
[ECO "B31"]
[WhiteElo "2547"]
[BlackElo "2335"]
[Annotator "TA"]
[PlyCount "103"]
[EventDate "2024.05.20"]
[EventType "swiss"]
[EventCountry "HUN"]
[SourceTitle "playchess.com"]
[Source "ChessBase"]
[SourceQuality "1"]
[TimeControl "40/5400+30:1800+30"]

1. e4 c5 2. Nf3 Nc6 3. Bb5 g6 4. Bxc6 dxc6 5. d3 Qc7 6. h3 {[%emt 0:01:24] B31: Sicilian: 2...Nc6 3 Bb5 g6.} e5 7. O-O h6 $146 ({Predecessor:} 7... Nf6 8. a3 Nh5 9. Qe1 a5 10. Nc3 a4 11. Be3 Bd6 12. Ne2 O-O 13. Qc3 b6 {0-1 Hansen,E (2610)-Caruana,F (2804) Titled Tuesday intern op 27th Feb Late blitz 2024 (10)}) 8. Be3 Be6 9. Nbd2 Nf6 10. a3 g5 11. Nh2 Rg8 12. g4 a5 13. Qe2 Nd7 14. Rfd1 h5 15. Ndf1 h4 (15... hxg4 $15 16. Nxg4 O-O-O) 16. Bd2 $11 a4 17. Ne3 b5 18. Nf3 f6 19. Nf5 Nb6 20. Be3 O-O-O 21. Qe1 Kb7 22. Qc3 Nd7 23. b3 Ra8 24. Nd2 Kc8 25. Qb2 Qb8 26. Rdb1 Qc7 {[%emt 0:03:31] [#]} ({Black should try} 26... Nb6) 27. c4 (27. bxa4 $142 $1 bxa4 28. Qc1) 27... Rb8 (27... axb3 $16 {might work better.} 28. Nxb3 Kd8) 28. cxb5 $18 Rxb5 29. Qc2 axb3 30. Nxb3 Qb8 31. Nd2 Kc7 32. a4 Rxb1+ 33. Rxb1 ({Don't take} 33. Nxb1 Qb3 34. Qd2 Bxf5 35. gxf5 (35. exf5 Be7 $16) 35... Be7) 33... Qa7 34. Nc4 Bxf5 35. exf5 Be7 36. a5 Rb8 37. Ra1 Qa6 38. Qa2 Rb4 (38... Rb7 $142 39. Nd2 Rb8) 39. Bd2 $18 Rb8 40. Be3 Rb4 41. Bd2 Rb8 $1 42. Kg2 Bf8 43. Be1 Be7 44. Rd1 Kd8 45. Ne3 Nf8 $2 (45... c4 46. dxc4 (46. Qxc4 Qxc4 47. Nxc4 Bc5 $16) (46. Nxc4 Qb5 $18) 46... Bc5) 46. Qf7 $18 Qb5 47. Nc4 Qa4 48. Rc1 Qa2 49. Bc3 Qe2 50. Ne3 (50. a6 $142 Qa2 51. Ba5+ Kd7 52. Nxe5+ fxe5 53. Qxa2 Ke8 54. a7 Ra8 55. Bb6) 50... Ra8 51. Re1 Qxd3 52. Rd1 1-0

[Event "Budapest Chess Festival 2024"]
[Site "Budapest"]
[Date "2024.05.25"]
[Round "3.18"]
[White "Milosevic, Milos"]
[Black "Ivanisevic, Ivan"]
[Result "0-1"]
[ECO "E04"]
[WhiteElo "2328"]
[BlackElo "2537"]
[Annotator "TA"]
[PlyCount "62"]
[EventDate "2024.05.20"]
[EventType "swiss"]
[EventCountry "HUN"]
[SourceTitle "playchess.com"]
[Source "ChessBase"]
[SourceQuality "1"]
[TimeControl "40/5400+30:1800+30"]

1. d4 Nf6 2. Nf3 e6 3. c4 d5 4. g3 dxc4 5. Bg2 Nbd7 6. Qa4 a6 7. Qxc4 b5 8. Qc6 Rb8 9. O-O Bb7 10. Qc2 c5 11. Bg5 Rc8 12. dxc5 Bxc5 {[%emt 0:00:49] Black is slightly better.} 13. Qd3 (13. Qd2 $15) 13... Qb6 $17 {[%emt 0:00:45] Strongly threatening ...Ng4.} 14. Nc3 Ng4 15. e3 {[%emt 0:05:09] [#]} (15. Nd1 $17 {keeps fighting.}) 15... Bxf3 $1 $19 16. Bxf3 Nge5 {[%emt 0:00:06][%csl LRd3,LRf3] A dynamic duo of knights.} 17. Qe2 h6 18. Bf4 Nxf3+ 19. Qxf3 g5 20. Rfd1 gxf4 21. Qxf4 Qc7 22. Qg4 Nf6 23. Qf3 Qe5 24. Qb7 O-O 25. Qxa6 b4 26. Na4 Bxe3 27. fxe3 $2 {[%emt 0:00:17] [#]} (27. Qe2 $19 Bd4 28. Qxe5 Bxe5 29. Rd2) 27... Qxe3+ {[%emt 0:00:08] Black mates.} 28. Kh1 Qf3+ 29. Kg1 Rc2 30. Qf1 Qe3+ 31. Kh1 Ng4 {White did not feel at home in the position after the opening.   Weighted Error Value: White=0.44/Black=0.01 (flawless) .  Mistake:       	White=3     	---        OK:         	White=4     	Black=8      Best:        	White=1     	Black=3      Strong:       	---       	Black=1} 0-1